 Dungeon Crawl Stone Soup version 0.30.0-10-gfe55d96785 (webtiles) character file.

Game seed: 1908623299831277887

4350 gareppa the Cleaver (level 10, -3/65 HPs)
             Began as a Gargoyle Fighter on May 15, 2023.
             Was an Initiate of Okawaru.
             Shot with a bolt by an orc warrior (6 damage)
             ... on level 7 of the Dungeon.
             The game lasted 00:12:51 (6496 turns).

gareppa the Cleaver (Gargoyle Fighter)              Turns: 6496, Time: 00:12:51

Health: -3/65      AC: 27    Str: 23    XL:     10   Next: 34%
Magic:  10/10      EV:  5    Int: 10    God:    Okawaru [......]
Gold:   127        SH: 14    Dex:  9    Spells: 9/9 levels left

rFire   . . .        a - +0 war axe (heavy)
rCold   + . .        B - +1 tower shield {reflect}
rNeg    + . .        Q - +0 plate armour
rPois   ∞            q - +0 helmet
rElec   +            n - +0 cloak
rCorr   .            (no gloves)
SInv    .            l - +0 pair of boots
Will    .....        (no amulet) Stlth
                     h - ring of protection from cold
HPRegen 0.30/turn    m - +4 ring of protection
MPRegen 0.12/turn

%: reflection
@: no status effects
A: sickness immunity, AC +7, negative energy resistance 1, electricity
resistance, torment resistance 1, petrification resistance
a: Renounce Religion


You were on level 7 of the Dungeon.
You worshipped Okawaru.
Okawaru was noncommittal.
You visited 2 branches of the dungeon, and saw 8 of its levels.
You also visited: Ossuary.

You collected 275 gold pieces.
You spent 148 gold pieces at shops.

Inventory:

Hand Weapons
 a - a +0 heavy war axe (weapon)
 b - a +4 flail
 f - a +1 heavy hand axe
 r - a +2 whip of flaming
 x - a +2 whip of flaming
 C - a +2 hammer of protection
 O - a +4 battleaxe
 P - a +3 flail
Missiles
 A - 2 throwing nets (quivered)
Armour
 l - a +0 pair of boots (worn)
 n - a +0 cloak (worn)
 o - +0 acid dragon scales
 q - a +0 helmet (worn)
 y - a +2 robe of positive energy
 B - a +1 tower shield of reflection (worn)
 E - a +0 kite shield
 M - a +1 robe of willpower
 Q - a +0 plate armour (worn)
Jewellery
 d - a +6 ring of strength
 e - a ring of wizardry
 h - a ring of protection from cold (left hand)
 k - a ring of fire
 m - a +4 ring of protection (right hand)
 G - a +6 ring of intelligence
Wands
 j - a wand of paralysis (22)
 L - a wand of polymorph (9)
Scrolls
 c - a scroll of magic mapping {unknown}
 i - 2 scrolls of amnesia
 v - a scroll of vulnerability
 w - 2 scrolls of immolation
 z - 3 scrolls of teleportation
 H - a scroll of brand weapon
 K - 2 scrolls of identify
Potions
 g - a potion of curing
 p - 3 potions of mutation
 s - 4 potions of haste
 t - 3 potions of heal wounds
 u - a potion of brilliance
 D - a potion of cancellation
 F - a potion of magic
 I - a potion of flight
 J - a potion of invisibility
 N - 3 potions of lignification


   Skills:
 * Level 8.7 Fighting
 * Level 9.8 Axes
 + Level 5.6 Armour
 + Level 2.3 Dodging
 + Level 1.0 Stealth
 + Level 6.5 Shields


You had 9 spell levels left.
You didn't know any spells.
Your spell library contained the following spells:

 Spells                   Type           Power      Damage    Failure   Level
 Beastly Appendage        Tmut           0%         N/A       100%        1
 Wereblood                Tmut           0%         N/A       100%        2
 Spider Form              Tmut/Pois      0%         N/A       100%        3


Dungeon Overview and Level Annotations

Branches:
Dungeon (7/15)             Temple (1/1) D:7         Ossuary (visited)

Altars:
Ashenzari
Cheibriados
Dithmenos
Elyvilon
Fedhas
Gozag
Hepliaklqana
Kikubaaqudgha
Nemelex Xobeh
Okawaru
Qazlal
Ru
Sif Muna
Trog
Uskayaw
Vehumet
Wu Jian
Xom
Yredelemnul
The Shining One

Shops:
D:4 [


Innate Abilities, Weirdness & Mutations

You are immune to sickness and miasma.
Your stone body is resilient. (AC +7)
You are immune to poison.
You resist negative energy. (rN+)
You are resistant to electric shocks. (rElec)
You are resistant to unholy torment.
You are immune to petrification.


Message History

The scorpion stings you but does no damage.
The orc wizard casts a spell at you.
The puff of flame hits you but does no damage.
The orc priest hits you but does no damage.
You block the orc's attack. x2
The scorpion stings you but does no damage.
You hit the orc priest but do no damage.
You hit the scorpion but do no damage.
The orc wizard gestures wildly while chanting.
The orc wizard flickers and vanishes!
Deactivating autopickup; reactivate with Ctrl-A.
The orc barely misses you.
The orc priest mumbles some strange prayers to Beogh against you.
Beogh smites you!
* * * LOW HITPOINT WARNING * * *
The scorpion stings you but does no damage.
The orc hits you but does no damage.
The orc priest hits you but does no damage.
The scorpion stings you but does no damage.
You slice the orc priest!!
You kill the orc priest!
Okawaru accepts your kill.
You slice the scorpion!!
You kill the scorpion!
Okawaru accepts your kill.
You closely miss the phantom. The phantom completely misses you.
The orc hits you but does no damage.
The orc warrior unwields a +0 flail.
The orc warrior wields a +0 arbalest.
The orc warrior shoots a bolt.
The bolt hits you!
* * * LOW HITPOINT WARNING * * *
You block the phantom's attack.
The orc hits you from afar with a +0 trident.
* * * LOW HITPOINT WARNING * * *
The orc hits you but does no damage.
The orc warrior shoots a bolt.
You block the bolt with your +1 tower shield of reflection... and reflect it back!
The bolt barely misses the phantom.
The bolt closely misses the orc warrior.
The orc hits you but does no damage.
The orc warrior shoots a bolt.
The bolt hits you.
You die...

.............##
.)............###
.........#.##...##
.......#.#.####..#
###.#..#...# ##.#
#...###..# #.##
#.#.# #..# #..#
#.# # ##.# ##.###
. ..# ###@)..# )#
### #o)W#..# #.#
#...lo.o...# #..#
.##..#.....# ..#
#.#..#....# .# #.
.#......# ## # .
...#...# .# ###...
...# .# ..#. ...#


You could see an orc warrior, a phantom, an iguana and 2 orcs.

Vanquished Creatures
  Pikel (D:4)
  Prince Ribbit (D:5)
  Eustachio (D:5)
  Duvessa (D:5)
  A water moccasin (D:6)
  3 orc warriors
  An ice beast (D:7)
  3 sky beasts
  2 black bears
  3 ogres
  A centaur (D:7)
  Blork the orc (D:5)
  2 bullfrogs (D:6)
  A gnoll sergeant (D:5)
  3 scorpions
  14 wights (D:6)
  Dowan (D:5)
  3 jellies
  A centaur zombie (Ossuary)
  4 orc priests
  6 hounds
  A human zombie (Ossuary)
  Crazy Yiuf (D:4)
  A sleepcap (D:6)
  3 iguanas
  Ijyb (D:3)
  3 orc wizards
  3 mummies (Ossuary)
  Robin (D:4)
  5 gnolls (D:5)
  7 adders
  An ufetubus (D:6)
  4 worms (D:2)
  5 dart slugs
  21 orcs
  4 endoplasms
  5 giant cockroaches
  14 goblins
  10 hobgoblins
  6 jackals
  15 kobolds
  3 quokkas
  6 ball pythons
  2 bats (D:2)
  3 frilled lizards
  2 hobgoblin zombies (Ossuary)
  2 kobold zombies (Ossuary)
  2 orc zombies (Ossuary)
  6 rats
191 creatures vanquished.

Notes
Turn   | Place    | Note
-------+----------+-------------------------------------------
     0 | D:1      | gareppa the Gargoyle Fighter began the quest for the Orb.
     0 | D:1      | Reached XP level 1. HP: 14/14 MP: 1/1
   125 | D:1      | Reached XP level 2. HP: 16/19 MP: 2/2
   199 | D:1      | Reached skill level 2 in Axes
   518 | D:2      | Found a shimmering altar of Xom.
   567 | D:2      | Reached XP level 3. HP: 24/24 MP: 3/3
   826 | D:2      | You fall into a shaft and drop 2 floors!
   943 | D:4      | Reached XP level 4. HP: 17/30 MP: 4/4
  1330 | D:2      | Reached skill level 3 in Axes
  1590 | D:3      | Noticed Ijyb
  1597 | D:3      | Killed Ijyb
  1598 | D:3      | Reached XP level 5. HP: 19/34 MP: 5/5
  1599 | D:3      | Reached skill level 5 in Fighting
  2396 | D:4      | Noticed Robin
  2400 | D:4      | Reached XP level 6. HP: 31/40 MP: 6/6
  2448 | D:3      | Reached skill level 4 in Axes
  2462 | D:4      | Killed Robin
  2633 | D:4      | Noticed Pikel
  2649 | D:4      | Killed Pikel
  2650 | D:4      | Reached skill level 5 in Axes
  2650 | D:4      | Reached skill level 1 in Dodging
  2650 | D:4      | Reached XP level 7. HP: 11/45 MP: 7/7
  2816 | D:4      | Found a hazy altar of Hepliaklqana.
  2817 | D:4      | Found a shimmering altar of Xom.
  2822 | D:4      | Noticed a spectral ugly thing
  2872 | D:4      | Found a runed translucent door.
  2873 | D:4      | Noticed Crazy Yiuf
  3086 | D:4      | Found Ziebon's Armour Emporium.
  3095 | D:4      | Bought a +1 tower shield of reflection for 148 gold pieces
  3494 | D:4      | Killed Crazy Yiuf
  3550 | D:5      | Entered Level 5 of the Dungeon
  3554 | D:5      | Noticed Eustachio
  3677 | D:5      | Killed Eustachio
  3678 | D:5      | Reached XP level 8. HP: 44/51 MP: 8/8
  3685 | D:5      | Noticed Duvessa
  3686 | D:5      | Noticed Dowan
  3686 | D:5      | Noticed Blork the orc
  3697 | D:5      | Reached skill level 6 in Axes
  3698 | D:5      | Killed Duvessa
  3701 | D:5      | Killed Blork the orc
  3701 | D:5      | Killed Dowan
  3728 | D:5      | Found a sand-covered staircase.
  3737 | Ossuary  | Entered an ossuary
  4222 | D:5      | Reached skill level 7 in Axes
  4358 | D:5      | Reached skill level 1 in Stealth
  4358 | D:5      | Reached skill level 5 in Shields
  4358 | D:5      | Reached XP level 9. HP: 53/56 MP: 9/9
  4588 | D:5      | Noticed Prince Ribbit
  4616 | D:5      | Killed Prince Ribbit
  4617 | D:5      | Reached skill level 5 in Armour
  4925 | D:6      | Reached skill level 8 in Axes
  5529 | D:6      | Reached skill level 9 in Axes
  5639 | D:6      | Reached XP level 10. HP: 60/64 MP: 10/10
  6358 | D:7      | Found a staircase to the Ecumenical Temple.
  6368 | Temple   | Entered the Ecumenical Temple
  6368 | Temple   | Found a transporter.
  6368 | Temple   | Found a transporter.
  6370 | Temple   | Found a transporter.
  6370 | Temple   | Found a transporter.
  6399 | Temple   | Became a worshipper of Warmaster Okawaru
  6452 | D:7      | Found a radiant altar of Vehumet.
  6495 | D:7      | HP: 3/65 [orc warrior/bolt (7)]
  6496 | D:7      | Shot with a bolt by an orc warrior

Illustrated notes

Levels and vault maps discovered:
D:1:      dpeg_arrival_arbitrary_a, layout_rooms
D:2:      kb_forest_paths, layout_basic, basic_altar, minmay_tetromino_s2
D:3:      corexii_shack_village, layout_loops_ring, uniq_ijyb
D:4:      layout_basic, regret_index_temple_of_mockery, serial_shops, shop,
          uniq_pikel, uniq_robin, uniq_crazy_yiuf_cottage
D:5:      layout_loops_ring, lightli_ossuary_entry_decrepit_ruins,
          minmay_misc_feat_x, st_stairs_12, uniq_duvessa, uniq_prince_ribbit1,
          uniq_blork_the_orc, uniq_eustachio
D:6:      layout_basic, serial_aquarium, aquarium_bridge_straight
          [aquarium_subvault_bridge, aquarium_subvault_wall,
          aquarium_subvault_bridge, aquarium_subvault_balcony],
          aquarium_window_double, aquarium_window_1, aquarium_view_2a,
          aquarium_pool_2, minmay_microvault
D:7:      layout_rooms, mainiacjoe_overflow_swirl, minmay_temple_entry_trees,
          serial_shops, nicolae_shop_hallway_plus, minmay_increasing_density,
          uniq_joseph
Temple:   hellmonk_temple_divided_pantheon

Skill      XL: |  1  2  3  4  5  6  7  8  9 |
---------------+----------------------------+-----
Axes           | 2 3 5 7 9 |  9.8
Fighting       | 4 5 6 8 |  8.7
Armour         | 4 5 |  5.6
Dodging        | 1 2 |  2.3
Shields        | 4 5 6 |  6.5
Stealth        | 1 |  1.0

Action                     |  1- 3 |  4- 6 |  7- 9 | 10-12 || total
---------------------------+-------+-------+-------+-------++-------
  Melee: War axe           |    77 |    34 |   208 |    55 ||   374
         Hand axe          |     4 |   129 |       |       ||   133
    Use: Scroll            |     3 |     6 |     4 |       ||    13
         Potion            |       |     1 |     7 |       ||     8
 Armour: Scale mail        |    34 |   134 |   131 |       ||   299
         Chain mail        |       |       |    44 |       ||    44
         Plate armour      |       |       |    12 |    83 ||    95
  Dodge: Dodged            |    31 |   105 |    87 |    14 ||   237
  Block: Buckler           |    11 |    47 |     2 |       ||    60
         Tower shield      |       |       |   230 |    76 ||   306
         Reflection        |       |       |     1 |     7 ||     8
